 Dungeon Crawl Stone Soup version 0.23.2-1-ga50397a6bc (webtiles) character file.

Game seed: 15644450245671822594

18069 Mrkan the Grappler (level 12, -2/130 HPs)
             Began as a Troll Monk on May 14, 2019.
             Was a High Priest of the Shining One.
             Slain by a jumping spider (4 damage)
             ... on level 1 of the Spider Nest.
             The game lasted 00:26:45 (10706 turns).

Mrkan the Grappler (Troll Monk)                    Turns: 10706, Time: 00:26:46

Health: -2/130     AC: 16    Str: 33    XL:     12   Next: 24%
Magic:  11/11      EV: 10    Int: 10    God:    the Shining One [*****.]
Gold:   385        SH:  0    Dex: 12    Spells: 11/11 levels left

rFire    . . .     SeeInvis .   e - +0 giant spiked club
rCold    . . .     Gourm    +   (shield currently unavailable)
rNeg     + + .     Faith    .   R - +0 acid dragon scales
rPois    .         Spirit   .   (helmet restricted)
rElec    .         Reflect  .   A - +0 cloak of the Untouchables {Str+9}
rCorr    +         Harm     .   (gloves unavailable)
MR       .....                  (boots unavailable)
Stlth    +.........             (no amulet)
HPRegen  0.71/turn              B - +2 ring of strength
MPRegen  0.12/turn              I - +4 ring of protection

@: glowing
A: large, unfitting armour, claws 3, fast metabolism 3, gourmand, regeneration
1, shaggy fur 1, tough skin 3
a: Divine Shield, Cleansing Flame, Summon Divine Warrior, Renounce Religion


You were on level 1 of the Spider Nest.
You worshipped the Shining One.
The Shining One was extremely pleased with you.
You were not hungry.

You visited 3 branches of the dungeon, and saw 16 of its levels.

You collected 785 gold pieces.
You spent 400 gold pieces at shops.

Inventory:

Hand Weapons
 e - a +0 giant spiked club (weapon)
 F - a +0 blowgun
Missiles
 t - 75 poisoned needles
 N - 3 large rocks (quivered)
Armour
 a - a +1 robe
 s - a +2 robe of positive energy
 z - a +2 robe of cold resistance
 A - the +0 cloak of the Untouchables (worn) {Str+9}
   (You found it on level 7 of the Dungeon)

   It affects your strength (+9).
 K - a +0 troll leather armour
 M - a +0 troll leather armour
 R - +0 acid dragon scales (worn)
Magical Staves
 U - an uncursed staff of cold {unknown}
Jewellery
 f - a cursed ring of teleportation
 B - a +2 ring of strength (left claw)
 G - a +4 ring of strength
 H - an uncursed ring of positive energy
 I - a +4 ring of protection (right claw)
 J - an uncursed ring of wizardry
 T - an uncursed ring of fire {unknown}
Wands
 k - a wand of paralysis (6)
 y - a wand of polymorph (27)
 C - a wand of disintegration (11)
 L - a wand of flame (24)
 S - a wand of acid (8)
Scrolls
 d - 6 scrolls of identify
 i - 6 scrolls of amnesia
 p - 4 scrolls of teleportation
 r - 2 scrolls of fear
 u - a scroll of blinking {unknown}
 D - 7 scrolls of remove curse
 E - 3 scrolls of magic mapping {unknown}
 O - a scroll of enchant weapon
 P - a scroll of random uselessness {unknown}
 V - a scroll of vulnerability {unknown}
Potions
 c - 2 potions of degeneration
 g - 6 potions of heal wounds
 h - 2 potions of agility {unknown}
 j - a potion of flight {unknown}
 l - 2 potions of resistance {unknown}
 m - 2 potions of brilliance
 n - 8 potions of curing
 o - a potion of mutation {unknown}
 q - 2 potions of lignification {unknown}
 v - a potion of cancellation {unknown}
 w - a potion of might {unknown}
 x - a potion of berserk rage {unknown}
 Q - a potion of haste {unknown}
Comestibles
 b - 18 rations


   Skills:
 + Level 11.0 Fighting
 * Level 6.3 Armour
 - Level 2.4 Dodging
 - Level 1.1 Stealth
 - Level 13.7 Unarmed Combat
 + Level 0.6 Invocations


You had 11 spell levels left.
You didn't know any spells.
Your spell library contained the following spells:

 Spells                   Type           Power        Failure   Level  Hunger
 Sting                    Conj/Pois      #...         41%         1    ##.....
 Poisonous Vapours        Pois/Air       #.....       54%         2    ###....
 Mephitic Cloud           Conj/Pois/Air  #.......     78%         3    ####...
 Olgreb's Toxic Radiance  Pois           #.......     99%         4    #####..
 Venom Bolt               Conj/Pois      #.........   100%        5    ######.


Dungeon Overview and Level Annotations

Branches:
Dungeon (12/15)            Temple (0/1) D:5            Lair (3/6) D:9
 Spider (1/4) Lair:3          Orc (0/2) D:9
  Swamp: Lair:2-4    Shoals: Lair:2-4

Altars:
Ashenzari
Dithmenos
Gozag
Okawaru
Sif Muna
Xom
The Shining One

Shops:
D:10 %

Annotations:
D:5 2 transporters, grerr's ghost, novice DsAK


Innate Abilities, Weirdness & Mutations

You are too large for most types of armour.
You have claws for hands.
Your metabolism is lightning-fast.
You like to eat raw meat.
Your natural rate of healing is unusually fast.
You are covered in fur. (AC +1)
You have extremely tough skin. (AC +3)


Message History

You barely miss the jumping spider. The jumping spider barely misses you.
The jumping spider closely misses you. The jumping spider pounces on you!
* * * LOW HITPOINT WARNING * * *
The jumping spider bites you.
* * * LOW HITPOINT WARNING * * *
The jumping spider pounces on you!
* * * LOW HITPOINT WARNING * * *
The jumping spider barely misses you.
You hit the jumping spider.
The jumping spider is lightly wounded.
The jumping spider leaps!
The jumping spider pounces on you!
* * * LOW HITPOINT WARNING * * *
The jumping spider closely misses you.
You completely miss the jumping spider.
The jumping spider is lightly wounded.
The jumping spider pounces on you but does no damage.
The jumping spider bites you but does no damage.
The jumping spider pounces on you.
You die...

#...
##..
##...
...#
##..###
#.....#
#.....#
#.s.#
#....#@#
#....###
#...s.
####..
##. #.
..


You could see a jumping spider.

Vanquished Creatures
  Erica (D:10)
  2 two-headed ogres
  Nergalle (Lair:1)
  A sixfirhy (D:8)
  An unseen horror (D:12)
  Pikel (D:6)
  A cyclops (D:11)
  An ugly thing (D:12)
  A black mamba (Lair:2)
  A centaur zombie (D:10)
  A gargoyle (D:11)
  3 spiny frogs
  A rime drake (Lair:1)
  A centaur skeleton (D:10)
  3 komodo dragons
  4 trolls
  Prince Ribbit (Lair:3)
  3 hippogriffs
  9 blink frogs
  A spriggan (D:11)
  A human (D:11)
  Eustachio (D:5)
  A hungry ghost (D:9)
  2 wargs (D:9)
  An acid dragon (D:12)
  3 water moccasins (Lair:1)
  3 porcupines
  3 sky beasts
  4 orc warriors
  3 ice beasts
  2 black bears
  3 phantoms
  A necrophage (D:11)
  7 ogres
  2 crocodiles
  A big kobold (D:11)
  A gnoll sergeant (D:7)
  11 bullfrogs
  A wyvern skeleton (D:12)
  A scorpion (D:11)
  4 killer bees (D:10)
  14 wights
  A howler monkey (D:5)
  A bullfrog zombie (D:10)
  6 crimson imps
  4 hounds
  A quasit (D:10)
  2 gnoll shamans
  5 orc wizards
  3 bullfrog skeletons
  2 jellies
  2 orc priests
  6 iguanas
  10 worker ants
  A hound zombie (D:7)
  A hound skeleton (D:4)
  3 worker ant zombies
  Robin (D:4)
  12 gnolls
  A howler monkey skeleton (D:7)
  14 adders
  An ooze (D:1)
  2 adder skeletons
  An adder zombie (D:8)
  2 worms
  A dart slug (D:4)
  6 leopard geckos
  30 orcs
  5 giant cockroaches
  17 goblins
  7 hobgoblins
  14 jackals
  14 kobolds
  4 quokkas
  4 ball pythons
  6 bats
  4 frilled lizards
  2 jackal skeletons
  A leopard gecko zombie (D:7)
  9 rats
314 creatures vanquished.

Vanquished Creatures (others)
  6 plants (Lair:2)
6 creatures vanquished.

Grand Total: 320 creatures vanquished

Notes
Turn   | Place    | Note
-------+----------+-------------------------------------------
     0 | D:1      | Mrkan the Troll Monk began the quest for the Orb.
     0 | D:1      | Reached XP level 1. HP: 22/22 MP: 0/0
   102 | D:1      | Reached XP level 2. HP: 29/29 MP: 1/1
   319 | D:1      | Reached XP level 3. HP: 36/36 MP: 2/2
   930 | D:2      | Found a shadowy altar of Dithmenos.
   978 | D:2      | Found a glowing golden altar of the Shining One.
   989 | D:2      | Became a worshipper of the Shining One
   989 | D:2      | Reached * piety under the Shining One
   989 | D:2      | Reached ** piety under the Shining One
  1086 | D:2      | Reached skill level 4 in Unarmed Combat
  1087 | D:2      | Noticed an ogre
  1095 | D:2      | Killed an ogre
  1095 | D:2      | Reached skill level 5 in Unarmed Combat
  1095 | D:2      | Reached XP level 4. HP: 11/44 MP: 3/3
  1199 | D:2      | You fall through a shaft for 2 floors!
  1222 | D:4      | Reached XP level 5. HP: 51/53 MP: 4/4
  1228 | D:4      | Noticed Robin
  1245 | D:4      | Killed Robin
  1348 | D:4      | Reached skill level 6 in Unarmed Combat
  1380 | D:4      | Reached XP level 6. HP: 40/61 MP: 5/5
  1902 | D:2      | Reached skill level 7 in Unarmed Combat
  2725 | D:5      | Entered Level 5 of the Dungeon
  2862 | D:5      | Found a staircase to the Ecumenical Temple.
  2884 | D:5      | Found a transporter.
  2887 | D:5      | Noticed grerr's ghost (novice DsAK)
  2931 | D:5      | Found a transporter.
  2962 | D:5      | Noticed Eustachio
  2969 | D:5      | Killed Eustachio
  2969 | D:5      | Reached XP level 7. HP: 67/67 MP: 6/6
  3086 | D:5      | Found an opulent altar of Gozag.
  3420 | D:5      | Reached skill level 8 in Unarmed Combat
  3625 | D:6      | Reached *** piety under the Shining One
  3676 | D:6      | Noticed Pikel
  3698 | D:6      | Killed Pikel
  3698 | D:6      | Reached skill level 10 in Unarmed Combat
  3698 | D:6      | Reached XP level 8. HP: 11/75 MP: 7/7
  4305 | D:7      | Reached skill level 11 in Unarmed Combat
  4371 | D:7      | Got a dazzling cloak
  4727 | D:7      | Reached XP level 9. HP: 83/83 MP: 8/8
  5062 | D:7      | Reached skill level 12 in Unarmed Combat
  5147 | D:7      | Identified the cursed +0 cloak of the Untouchables {Str+9}
                  | (You found it on level 7 of the Dungeon)
  5256 | D:8      | Reached **** piety under the Shining One
  5328 | D:8      | Noticed a two-headed ogre
  5335 | D:8      | Killed a two-headed ogre
  5426 | D:8      | Reached skill level 13 in Unarmed Combat
  5492 | D:8      | Found a shattered altar of Ashenzari.
  5571 | D:8      | Noticed a sixfirhy
  5572 | D:8      | Found a runed translucent door.
  5580 | D:8      | Found a shimmering altar of Xom.
  5592 | D:8      | Killed a sixfirhy
  5592 | D:8      | Reached XP level 10. HP: 32/92 MP: 9/9
  5981 | D:9      | Found a staircase to the Orcish Mines.
  5985 | D:9      | Reached skill level 5 in Fighting
  6170 | D:9      | Found a staircase to the Lair.
  6240 | D:9      | Found a deep blue altar of Sif Muna.
  6241 | D:9      | Found an iron altar of Okawaru.
  6433 | D:10     | Entered Level 10 of the Dungeon
  6458 | D:10     | Reached ***** piety under the Shining One
  6495 | D:10     | Found Soqidol's Food Boutique.
  6509 | D:10     | Bought a ration for 50 gold pieces
  6509 | D:10     | Bought a ration for 50 gold pieces
  6509 | D:10     | Bought a ration for 50 gold pieces
  6509 | D:10     | Bought a ration for 50 gold pieces
  6509 | D:10     | Bought a ration for 50 gold pieces
  6509 | D:10     | Bought a ration for 50 gold pieces
  6509 | D:10     | Bought a ration for 50 gold pieces
  6509 | D:10     | Bought a ration for 50 gold pieces
  6851 | D:10     | Noticed Erica
  6859 | D:10     | Killed Erica
  7201 | D:10     | Reached XP level 11. HP: 109/113 MP: 10/10
  8558 | D:12     | Reached skill level 10 in Fighting
  8732 | D:12     | Noticed a red ugly thing
  8740 | D:12     | Killed a red ugly thing
  8740 | D:12     | Reached skill level 1 in Armour
  8983 | D:12     | Noticed a two-headed ogre
  9047 | D:12     | Killed a two-headed ogre
  9258 | D:12     | Noticed an unseen horror
  9263 | D:12     | Killed an unseen horror
  9414 | Lair:1   | Entered Level 1 of the Lair of Beasts
  9505 | Lair:1   | Noticed Nergalle
  9516 | Lair:1   | Killed Nergalle
  9863 | Lair:1   | Reached skill level 5 in Armour
  9879 | Lair:1   | Reached XP level 12. HP: 128/128 MP: 11/11
 10563 | Lair:2   | Reached ****** piety under the Shining One
 10566 | Lair:2   | You fall through a shaft!
 10567 | Lair:3   | Noticed Prince Ribbit
 10573 | Lair:3   | Killed Prince Ribbit
 10605 | Lair:3   | Found a hole to the Spider Nest.
 10645 | Lair:3   | Noticed an eight-headed hydra
 10661 | Lair:3   | HP: 4/130 [eight-headed hydra (4)]
 10666 | Lair:3   | HP: 5/130 [eight-headed hydra (9)]
 10672 | Lair:3   | Noticed a seven-headed hydra
 10698 | Spider:1 | Entered Level 1 of the Spider Nest
 10705 | Spider:1 | HP: 1/130 [jumping spider (14)]
 10706 | Spider:1 | Slain by a jumping spider

Skill      XL: |  1  2  3  4  5  6  7  8  9 10 11 12 |
---------------+-------------------------------------+-----
Unarmed Combat | 5 6 7 10 11 13 | 13.7
Fighting       | 3 4 8 10 11 | 11.0
Armour         | 5 6 |  6.3
Dodging        | |  2.4
Stealth        | |  1.1
Invocations    | |  0.6

Action                   |  1- 3 |  4- 6 |  7- 9 | 10-12 || total
-------------------------+-------+-------+-------+-------++-------
Melee: Unarmed           |    78 |   135 |   165 |   344 ||   722
       Punch             |       |     6 |    12 |    16 ||    34
       Giant spiked club |       |       |       |     5 ||     5
Invok: Divine Shield     |       |       |     1 |     1 ||     2
  Use: Scroll            |       |       |    15 |     4 ||    19
       Potion            |       |       |       |     2 ||     2
 Stab: Sleeping          |     3 |       |       |       ||     3
  Eat: Chunk             |     5 |    12 |    14 |    28 ||    59
       Ration            |       |     2 |     3 |     6 ||    11
Armor: Robe              |    42 |    46 |    45 |    56 ||   189
       Acid dragon scale |       |       |       |    65 ||    65
       Troll leather arm |       |       |       |     2 ||     2
Dodge: Dodged            |    47 |    59 |    67 |   152 ||   325
Block: Other             |       |       |     2 |     9 ||    11
